 Dungeon Crawl Stone Soup version 0.21.1-1-g345015f (webtiles) character file.

141 keltmir the Firebug (level 5, -7/28 HPs)
             Began as a Deep Elf Fire Elementalist on Apr 1, 2018.
             Killed by Freeze
             ... invoked by Sauce's ghost
              (8 damage)
             ... on level 3 of the Dungeon.
             The game lasted 00:16:37 (3173 turns).

keltmir the Firebug (Deep Elf Fire Elementalist)    Turns: 3173, Time: 00:16:38

Health: -7/28      AC:  3    Str:  5    XL:     5   Next: 3%
Magic:  1/13       EV: 14    Int: 21    God:
Gold:   75         SH:  0    Dex: 15    Spells: 4/12 levels left

rFire    . . .     SeeInvis .   g - +0 spear
rCold    . . .     Gourm    .   (no shield)
rNeg     . . .     Faith    .   a - +0 robe
rPois    .         Spirit   .   (no helmet)
rElec    .         Reflect  .   (no cloak)
rCorr    .         Harm     .   k - +0 pair of gloves
MR       .....                  (no boots)
Stlth    ++........             (no amulet)
HPRegen  0.09/turn              (no ring)
MPRegen  0.13/turn              (no ring)

@: very slightly contaminated, hasted, very quick
A: no striking features
a: no special abilities


You were on level 3 of the Dungeon.
You were very hungry.

You visited 1 branch of the dungeon, and saw 3 of its levels.

You collected 75 gold pieces.

Inventory:

Hand Weapons
 g - a +0 spear (weapon)
 h - a +0 dagger
Armour
 a - a +0 robe (worn)
 k - a +0 pair of gloves (worn)
Scrolls
 l - 2 scrolls of identify
 n - a scroll of fog {unknown}
 o - a scroll of immolation {unknown}
 p - 2 scrolls of amnesia {unknown}
 r - a scroll of remove curse
Potions
 d - a potion of cancellation
 e - 2 potions of curing {unknown}
 i - a potion of might {unknown}
 j - a potion of agility {unknown}
 m - a potion of resistance {unknown}
Books
 b - a book of Flames

   Spells                             Type                      Level
   a - Flame Tongue                   Conjuration/Fire             1
   b - Throw Flame                    Conjuration/Fire             2
   c - Conjure Flame                  Conjuration/Fire             3
   d - Inner Flame                    Hexes/Fire                   3
   e - Sticky Flame                   Conjuration/Fire             4
   f - Fireball                       Conjuration/Fire             5
Comestibles
 c - 5 rations
 q - a chunk of flesh


   Skills:
 + Level 3.6 Dodging
 + Level 3.2 Stealth
 + Level 4.2 Spellcasting
 - Level 1.1 Conjurations
 * Level 4.9 Fire Magic


You had 4 spell levels left.
You knew the following spells:

 Your Spells              Type           Power        Failure   Level  Hunger
a - Flame Tongue          Conj/Fire      ###..        3%          1    None
b - Conjure Flame         Conj/Fire      ###.....     10%         3    ###....
c - Sticky Flame          Conj/Fire      ###.....     32%         4    ####...


Dungeon Overview and Level Annotations

Branches:
Dungeon (3/15)

Altars:
Wu Jian

Annotations:
D:2 Sigmund
D:3 Sauce's ghost, amateur MfIE


Message History

Sauce's ghost shrieks, "You will join me soon!"
Sauce's ghost misses you. The gnoll barely misses you.
Casting: Flame Tongue
Confirm with . or Enter, or press ? or * to list all spells.
Aiming: Flame Tongue
Press: ? - help, Shift-Dir - straight line, f/p - Sauce's ghost
Aim: Sauce's ghost (almost destroyed)
The flame tongue misses Sauce's ghost.
Sauce's ghost casts a spell at you.
You are frozen.
* * * LOW HITPOINT WARNING * * *
The gnoll barely misses you. Sauce's ghost hits you.
* * * LOW HITPOINT WARNING * * *
You feel yourself speed up.
The gnoll hits you from afar with a spear.
* * * LOW HITPOINT WARNING * * *
Sauce's ghost casts a spell at you.
You are frozen.
You die...

#.#####<###..#
#...........#
#######.#####
#.# #.# #.#
#.# #####.##
#.@.)..#
#W###.## #g#
### #.# #.#
#.# #.# #.#
#.#


You could see Sauce's ghost and a gnoll.

Vanquished Creatures
  An orc priest (D:3)
  3 adders
  2 gnolls (D:3)
  3 leopard geckos (D:1)
  An orc (D:3)
  A giant cockroach (D:1)
  10 goblins
  6 hobgoblins
  8 jackals
  A quokka (D:2)
  4 bats
  3 frilled lizards (D:1)
  5 kobolds
  11 rats
59 creatures vanquished.

Notes
Turn   | Place    | Note
-------+----------+-------------------------------------------
     0 | D:1      | keltmir the Deep Elf Fire Elementalist began the quest for the Orb.
     0 | D:1      | Reached XP level 1. HP: 10/10 MP: 6/6
   452 | D:1      | Reached XP level 2. HP: 14/15 MP: 2/8
  1132 | D:1      | Reached XP level 3. HP: 19/19 MP: 8/10
  1308 | D:1      | Learned a level 3 spell: Conjure Flame
  2220 | D:2      | Reached XP level 4. HP: 24/24 MP: 3/11
  2296 | D:2      | Learned a level 4 spell: Sticky Flame
  2375 | D:2      | Found an ornate altar of the Wu Jian Council.
  2511 | D:2      | Noticed Sigmund
  3000 | D:3      | Reached XP level 5. HP: 28/28 MP: 9/13
  3009 | D:3      | Noticed Sauce's ghost (amateur MfIE)
  3173 | D:3      | HP: 1/28 [gnoll/spear (4)]
  3173 | D:3      | Killed from afar by Sauce's ghost

Skill      XL: |  1  2  3  4 |
---------------+-------------+-----
Fire Magic     | 4 |  4.9
Dodging        | 3 |  3.6
Stealth        | 3 |  3.2
Spellcasting   | 4 |  4.2
Conjurations   | |  1.1

Action                   |  1- 3 |  4- 6 || total
-------------------------+-------+-------++-------
Melee: Dagger            |     6 |       ||     6
       Spear             |       |    10 ||    10
 Cast: Flame Tongue      |    86 |    56 ||   142
       Conjure Flame     |     2 |     5 ||     7
  Use: Scroll            |     2 |       ||     2
       Potion            |       |     1 ||     1
 Stab: Sleeping          |     1 |       ||     1
  Eat: Chunk             |     4 |     2 ||     6
Armor: Robe              |     7 |     1 ||     8
Dodge: Dodged            |    36 |    20 ||    56
